 Dungeon Crawl Stone Soup version 0.26-a0-834-g69557b85cc (webtiles) character file.

Game seed: 8362853655305560149

90 sahdkjhfkaj the Chopper (level 4, -3/40 HPs)
             Began as a Hill Orc Fighter on Nov 17, 2020.
             Killed by nerve-wracking pain
             ... invoked by Grinder
              (13 damage)
             ... while paralysed by Grinder
             ... on level 3 of the Dungeon.
             The game lasted 00:02:17 (1579 turns).

sahdkjhfkaj the Chopper (Hill Orc Fighter)          Turns: 1579, Time: 00:02:17

Health: -3/40      AC:  9    Str: 19    XL:     4   Next: 56%
Magic:  4/4        EV:  2    Int:  8    God:
Gold:   66         SH:  0    Dex: 10    Spells: 3/3 levels left

rFire    . . .     SeeInvis .   a - +0 war axe
rCold    . . .     Faith    .   c - +0 kite shield
rNeg     . . .     Spirit   .   g - +0 chain mail
rPois    .         Reflect  .   (no helmet)
rElec    .         Harm     .   (no cloak)
rCorr    .         Rampage  .   (no gloves)
MR       .....                  (no boots)
Stlth    ..........             (no amulet)
HPRegen  0.13/turn              (no ring)
MPRegen  0.09/turn              (no ring)

@: paralysed
A: no striking features
a: no special abilities


You were on level 3 of the Dungeon.
You visited 1 branch of the dungeon, and saw 3 of its levels.

You collected 66 gold pieces.

Inventory:

Hand Weapons
 a - a +0 war axe (weapon)
Armour
 c - a +0 kite shield (worn)
 g - a +0 chain mail (worn)
Scrolls
 b - a scroll of amnesia {!r, unknown}
 j - 2 scrolls of enchant armour {!r}
 m - a scroll of teleportation {!r}
Potions
 d - a potion of might {!q}
 h - a potion of magic {!q, unknown}
 i - 3 potions of ambrosia {!q, unknown}
 l - a potion of haste {!q, unknown}


   Skills:
 + Level 4.1 Fighting
 * Level 4.2 Axes
 + Level 3.8 Armour
 * Level 4.2 Shields


You had 3 spell levels left.
You didn't know any spells.
Your spell library was empty.

Dungeon Overview and Level Annotations

Branches:
Dungeon (3/15)

Altars:
Dithmenos

Annotations:
D:3 Grinder


Message History

Unknown command.
Unknown command.
You barely miss Grinder.
Grinder is lightly wounded.
You block Grinder's attack.
Your shield prevents you from hitting Grinder.
Grinder is lightly wounded.
Grinder barely misses you.
You slash Grinder!
Grinder is moderately wounded.
You block Grinder's attack. Grinder hits you!
* * * LOW HITPOINT WARNING * * *
You writhe in agony.
* * * LOW HITPOINT WARNING * * *
Grinder blinks!
Grinder gestures at you.
You suddenly lose the ability to move!
Grinder gestures at you. Pain shoots through your body!
You die...

.##..#.......
....§......
###..##...#
#####.$......# .....
#......## ##.
......#.#.....#....
#....>§.....#..
####..#......#
####..@........
######..<..####.5...
#.........## .....
#...####### .#..
#...# # . ###...#
#.....# ####.##.##
..##....#


You could see Grinder.

Vanquished Creatures
  4 gnolls (D:2)
  An adder (D:2)
  A worm (D:2)
  6 bats
  9 goblins
  8 hobgoblins
  3 kobolds
  A quokka (D:2)
  A frilled lizard (D:1)
  5 rats
39 creatures vanquished.

Notes
Turn   | Place    | Note
-------+----------+-------------------------------------------
     0 | D:1      | sahdkjhfkaj the Hill Orc Fighter began the quest for the
                  | Orb.
     0 | D:1      | Reached XP level 1. HP: 19/19 MP: 1/1
    92 | D:1      | Reached XP level 2. HP: 27/27 MP: 2/2
   537 | D:1      | Reached XP level 3. HP: 31/33 MP: 3/3
   871 | D:2      | Found a shadowy altar of Dithmenos.
   957 | D:2      | Reached XP level 4. HP: 13/40 MP: 4/4
  1525 | D:3      | Noticed Grinder
  1525 | D:3      | Paralysed by Grinder for 2 turns
  1565 | D:3      | Paralysed by Grinder for 4 turns
  1571 | D:3      | Paralysed by Grinder for 3 turns
  1578 | D:3      | Paralysed by Grinder for 6 turns
  1579 | D:3      | Killed from afar by Grinder

Illustrated notes

Levels and vault maps discovered:
D:1:      dpeg_arrival_radiant, layout_loops_ring
D:2:      layout_basic, nicolae_overflow_crystal_walls
D:3:      layout_rooms, uniq_grinder

Skill      XL: |  1  2  3 |
---------------+----------+-----
Axes           | 3 4 |  4.2
Fighting       | 4 |  4.1
Shields        | 4 |  4.2
Armour         | |  3.8

Action                   |  1- 3 |  4- 6 || total
-------------------------+-------+-------++-------
Melee: War axe           |    20 |    17 ||    37
       Hand axe          |    65 |     7 ||    72
  Use: Scroll            |     2 |     2 ||     4
       Potion            |     1 |       ||     1
Armor: Scale mail        |     6 |       ||     6
       Chain mail        |    53 |    12 ||    65
Dodge: Dodged            |    45 |     4 ||    49
Block: Kite shield       |     5 |     9 ||    14
       Buckler           |    21 |       ||    21

Table legend: (Time is in decaauts)
 A = Elapsed time spent in this place.
 B = Non-inter-level travel time spent in this place.
 C = Inter-level travel time spent in this place.
 D = Time resting spent in this place.
 E = Time spent auto-exploring this place.
 F = Levels seen in this place.
 G = Mean time per level.
                   A        B        C        D        E       F      G
               +--------+--------+--------+--------+--------+-----+--------+
         Total |   1600 |   1532 |     68 |      0 |   1220 |   3 |  533.3 |
       Dungeon |   1600 |   1532 |     68 |      0 |   1220 |   3 |  533.3 |
               +--------+--------+--------+--------+--------+-----+--------+

Top non-repeatable levels by time:
     D:1: 784 daAuts
     D:2: 749 daAuts
     D:3: 66 daAuts
